 Dungeon Crawl Stone Soup version 0.31-a0-180-g519b7de00c (webtiles) character file.

Game seed: 4321637889326830318

81 qw the Shooter (level 4, -2/40 HPs)
             Began as a Naga Hunter on June 20, 2023.
             Slain by a hobgoblin (7 damage)
             ... led by Robin
             ... on level 2 of the Dungeon.
             The game lasted 00:00:25 (1015 turns).

qw the Shooter (Naga Hunter)                        Turns: 1015, Time: 00:00:25

Health: -2/40      AC:  2    Str: 13    XL:     4   Next: 40%
Magic:  4/4        EV:  9    Int: 10    God:
Gold:   88         SH:  0    Dex: 16    Spells: 3/3 levels left

rFire   . . .        Y - +0 shortbow
rCold   . . .        (shield currently unavailable)
rNeg    . . .        c - +0 leather armour
rPois   +            (no helmet)
rElec   .            (no cloak)
rCorr   .            (no gloves)
SInv    +            (no barding)
Will    .....        (no amulet)
Stlth   ++           (no ring)
HPRegen 0.26/turn    (no ring)
MPRegen 0.09/turn

%: no passive effects
@: short of breath, very slow
A: AC +1, large, see invisible, deformed body, poison resistance, slowness 2,
spit poison 1, naga tail 1
a: Spit Poison


You were on level 2 of the Dungeon.
You visited 1 branch of the dungeon, and saw 2 of its levels.

You collected 88 gold pieces.


Innate Abilities, Weirdness & Mutations

Your serpentine skin is tough. (AC +1)
You have supernaturally acute eyesight. (SInv)
Armour fits poorly on your strangely shaped body.
Your system is resistant to poisons. (rPois)
You cover ground very slowly.
You can spit poison.
You have a snake-like lower body.


   Skills:
 + Level 2.5 Fighting
 - Level 5.0 Ranged Weapons
 - Level 1.5 Dodging
 - Level 1.5 Stealth


You had 3 spell levels left.
You didn't know any spells.
Your spell library was empty.

Inventory:

Hand Weapons
 Y - a +0 shortbow (weapon)
Armour
 c - a +0 leather armour (worn)
Jewellery
 e - a ring of fire
Potions
 d - a potion of curing
 h - a potion of resistance {unknown}

Dungeon Overview and Level Annotations

Branches:
Dungeon (2/15)

Altars:

Annotations:
D:1 1 runed translucent door
D:2 Robin


Message History

You shoot an arrow. The goblin shouts!
The arrow hits the goblin.
The goblin is heavily wounded.
Robin throws the goblin at you! The goblin hits you but does no damage.
A goblin comes into view. It is wielding a +0 dagger.
Robin roars a battlecry!
The goblins go into a battle-frenzy!
The goblin hits you with a +0 dagger.
A hobgoblin comes into view.
You shoot an arrow. The arrow hits the goblin.
You kill the goblin!
A goblin comes into view. It is wielding a +0 club.
You shoot an arrow. The arrow hits the goblin.
You kill the goblin!
Robin says, "My goblins will feast on your bones."
A goblin comes into view. It is wielding a +0 club.
You shoot an arrow. The arrow closely misses the hobgoblin.
The goblin shouts!
Robin throws the goblin at you! The hobgoblin barely misses you.
You shoot an arrow. The arrow barely misses the hobgoblin.
You have got your breath back.
The goblin barely misses you. The goblin hits you with a +0 club.
The hobgoblin barely misses you.
1013 ||| INVOKING Spit Poison.
Aiming: Spit Poison (1% risk of failure)
Press: ? - help, Shift-Dir - straight line, f/p - hobgoblin The splash of poison hits the hobgoblin.
The hobgoblin is poisoned.
The hobgoblin is lightly wounded.
The goblin barely misses you.
You shoot an arrow.
The arrow hits the hobgoblin but does no damage.
The hobgoblin is lightly wounded.
The goblin hits you with a +0 club. x2; The hobgoblin hits you.
You shoot an arrow. The arrow closely misses the hobgoblin.
The goblin hits you with a +0 club. x2; The hobgoblin barely misses you.
The goblin hits you with a +0 dagger. x2
The goblin hits you but does no damage. The hobgoblin hits you!
You die...

...#.#+#
#########.........# ....
.
#..................#.#.#
.... ..
#.[...######...#.....#.#
##.. .. .......#
##.#.###.###.# #.....#
#..#.# #.....# #.....#
#.##.######### .##.....#
#.......#
.......g###.......#
#...g@g.........#
#.##gg.##.......#
#g####.......# #.
#.......# #g #.......#
.g #.......# .g
......... ... .........


You could see Robin, 4 hobgoblins and 4 goblins.

Vanquished Creatures
  Natasha (D:2)
  An adder (D:2)
  A worm (D:2)
  3 dart slugs (D:1)
  3 ball pythons
  An endoplasm (D:1)
  2 giant cockroaches (D:1)
  9 goblins
  2 hobgoblins (D:1)
  3 kobolds (D:1)
  7 bats
  2 frilled lizards (D:1)
  4 rats (D:1)
39 creatures vanquished.

Notes
Turn   | Place    | Note
-------+----------+-------------------------------------------
     0 | D:1      | qw the Naga Hunter began the quest for the Orb.
     0 | D:1      | Reached XP level 1. HP: 19/19 MP: 1/1
     0 | D:1      | 0 ||| qw: Version: 0.3-a-7-ge0c9b40
     0 | D:1      | 0 ||| qw: Game counter: 1116
     0 | D:1      | 0 ||| qw: Always use a shield: true
     0 | D:1      | 0 ||| qw: God list: Okawaru
     0 | D:1      | 0 ||| qw: Allow faded altars: false
     0 | D:1      | 0 ||| qw: Do Orc after D:15 true
     0 | D:1      | 0 ||| qw: Do second Lair branch before Depths: true
     0 | D:1      | 0 ||| qw: Lair rune preference: random
     0 | D:1      | 0 ||| qw: Plans: Normal
     0 | D:1      | 0 ||| PLANNING D:1-11
     1 | D:1      | Found a runed translucent door.
     7 | D:1      | 7 ||| INVOKING Spit Poison.
    50 | D:1      | 50 ||| INVOKING Spit Poison.
   102 | D:1      | 102 ||| INVOKING Spit Poison.
   108 | D:1      | 108 ||| INVOKING Spit Poison.
   126 | D:1      | 126 ||| INVOKING Spit Poison.
   130 | D:1      | Reached skill level 4 in Ranged Weapons
   130 | D:1      | Reached XP level 2. HP: 26/26 MP: 2/2
   168 | D:1      | 168 ||| INVOKING Spit Poison.
   199 | D:1      | 199 ||| INVOKING Spit Poison.
   220 | D:1      | 220 ||| INVOKING Spit Poison.
   296 | D:1      | 296 ||| INVOKING Spit Poison.
   302 | D:1      | 302 ||| INVOKING Spit Poison.
   339 | D:1      | 339 ||| INVOKING Spit Poison.
   383 | D:1      | 383 ||| INVOKING Spit Poison.
   384 | D:1      | Reached XP level 3. HP: 32/32 MP: 3/3
   411 | D:1      | 411 ||| INVOKING Spit Poison.
   415 | D:1      | 415 ||| INVOKING Spit Poison.
   442 | D:1      | 442 ||| INVOKING Spit Poison.
   536 | D:1      | 536 ||| INVOKING Spit Poison.
   591 | D:1      | 591 ||| INVOKING Spit Poison.
   611 | D:1      | 611 ||| INVOKING Spit Poison.
   667 | D:1      | 667 ||| INVOKING Spit Poison.
   708 | D:1      | 708 ||| Stepping ~*~*~tactically~*~*~ (outnumbered).
   710 | D:1      | 710 ||| Stepping ~*~*~tactically~*~*~ (outnumbered).
   712 | D:1      | 712 ||| INVOKING Spit Poison.
   717 | D:1      | 717 ||| INVOKING Spit Poison.
   851 | D:1      | 851 ||| READING 2 scrolls labelled FES QA ROLU.
   852 | D:1      | 852 ||| DRINKING 2 fizzy cyan potions.
   853 | D:1      | 853 ||| DRINKING 2 smoky ruby potions.
   854 | D:1      | 854 ||| DROPPING scroll of poison.
   855 | D:1      | 855 ||| DROPPING scroll of butterflies.
   856 | D:1      | 856 ||| DROPPING potion of invisibility.
   868 | D:2      | Noticed Natasha
   869 | D:2      | 869 ||| INVOKING Spit Poison.
   873 | D:2      | Killed Natasha
   874 | D:2      | Reached skill level 5 in Ranged Weapons
   874 | D:2      | Reached XP level 4. HP: 34/39 MP: 4/4
   919 | D:2      | 919 ||| INVOKING Spit Poison.
   951 | D:2      | 951 ||| INVOKING Spit Poison.
   997 | D:2      | 997 ||| INVOKING Spit Poison.
  1006 | D:2      | 1006 ||| INVOKING Spit Poison.
  1007 | D:2      | Noticed Robin
  1013 | D:2      | 1013 ||| INVOKING Spit Poison.
  1015 | D:2      | HP: 9/40 [goblin/+0 dagger[Robin] (3)]
  1015 | D:2      | Slain by a hobgoblin

Levels and vault maps discovered:
D:1:      dpeg_arrival_caged_fury, layout_basic
D:2:      layout_basic, uniq_robin, uniq_crazy_yiuf_cottage, uniq_natasha

Skill      XL: |  1  2  3 |
---------------+----------+-----
Ranged Weapons | 4 5 |  5.0
Fighting       | |  2.5
Dodging        | |  1.5
Stealth        | |  1.5

Action                     |  1- 3 |  4- 6 || total
---------------------------+-------+-------++-------
   Fire: Shortbow          |    47 |    17 ||    64
Ability: Spit Poison       |    22 |     5 ||    27
    Use: Potion            |     2 |       ||     2
         Scroll            |     1 |       ||     1
 Armour: Leather armour    |     6 |     3 ||     9
  Dodge: Dodged            |    10 |     5 ||    15

Table legend:
 A = Non-vault XP
 B = Vault XP
 C = Vault XP percentage of total XP
 D = Non-vault monster count
 E = Vault monster count
 F = Vault count percentage of total count
                 A         B        C        D         E       F
            +---------+---------+-------+---------+---------+-------
      Total |      75 |      41 |  35.3 |      35 |       4 |  10.3
            +---------+---------+-------+---------+---------+-------
        D:1 |      52 |       0 |   0.0 |      30 |       0 |   0.0
        D:2 |      23 |      41 |  64.1 |       5 |       4 |  44.4
            +---------+---------+-------+---------+---------+-------
